 Dungeon Crawl Stone Soup version 0.30-a0-354-g6b83867211 (webtiles) character file.

Game seed: 15054836840223567151

73439 flotson the Fighter (level 15, -9/120 HPs)
             Began as a Demonspawn Delver on Nov 7, 2022.
             Was an Initiate of Gozag.
             Mangled by an orc warrior
             ... wielding a +0 halberd
              (22 damage)
             ... on level 1 of the Orcish Mines.
             The game lasted 00:34:36 (16544 turns).

flotson the Fighter (Demonspawn Delver)            Turns: 16544, Time: 00:34:38

Health: -9/120     AC: 26    Str: 25    XL:     15   Next: 4%
Magic:  15/15      EV: 15    Int: 13    God:    Gozag
Gold:   4528       SH:  4    Dex: 20    Spells: 14/14 levels left

rFire   + . .      SeeInvis +    a - +8 frozen axe "Frostbite" {freezing cloud, *Noise Fly rC+}
rCold   + + +      Faith    .    (shield currently unavailable)
rNeg    . . .      Spirit   .    v - +8 chain mail of the Sturgeon {rC++ Stlth-}
rPois   .          Reflect  .    k - +2 hat {SInv}
rElec   .          Harm     .    (cloak unavailable)
rCorr   .          Rampage  .    K - +0 pair of gloves
Will    ++...                    (no boots)
Stlth   ..........               p - amulet of regeneration
HPRegen 1.20/turn                m - ring of Spring {rF+ Will+ Dex+6}
MPRegen 0.14/turn                q - +6 ring of strength

@: flying
A: icy blue scales 2, powered by pain 1, condensation shield, weakness stinger 3
a: Renounce Religion, Potion Petition, Call Merchant, Bribe Branch


You were on level 1 of the Orcish Mines.
You worshipped Gozag.
Gozag was most pleased with you.
You visited 4 branches of the dungeon, and saw 19 of its levels.
You also visited: Bailey.

You collected 7082 gold pieces.
You spent 2414 gold pieces at shops.
You paid 140 gold pieces to Gozag.

Inventory:

Hand Weapons
 a - the +8 frozen axe "Frostbite" (weapon) {freezing cloud, *Noise Fly rC+}
   (You bought it in a shop on level 4 of the Dungeon)

   It freezes those it strikes, dealing additional cold damage.
   It can also slow down cold-blooded creatures.
   It occasionally leaves clouds of freezing vapour upon striking a foe.
   It grants immunity to clouds of freezing vapour.
   rC:        It protects you from cold.
   Fly:       It grants you flight.
   *Noise:    It may make noises in combat.
 b - the +1 arbalest of Integrity {penet, rC++}
   (You found it in a bailey)

   Any ammunition fired by it passes through the targets it hits, potentially
   hitting all targets in its path until it reaches maximum range.
   rC:        It greatly protects you from cold.
Missiles
 i - 4 atropa-tipped darts
 y - 11 poisoned darts (quivered)
 E - 2 throwing nets
Armour
 k - a +2 hat of see invisible (worn)
 v - the +8 chain mail of the Sturgeon (worn) {rC++ Stlth-}
   (You found it on level 2 of the Dungeon)

   rC:        It greatly protects you from cold.
   Stlth:     It makes you less stealthy.
 K - a +0 pair of gloves (worn)
Jewellery
 l - a ring of resist corrosion
 m - the ring of Spring (left hand) {rF+ Will+ Dex+6}
   (You took it off a deep elf archer on level 9 of the Dungeon)

   [ring of protection from fire]

   Dex:       It affects your dexterity (+6).
   rF:        It protects you from fire.
   Will:      It increases your willpower.
 p - an amulet of regeneration (around neck)
 q - a +6 ring of strength (right hand)
 B - an amulet of reflection
Wands
 g - a wand of digging (16)
 x - a wand of polymorph (8)
 F - a wand of flame (38)
 P - a wand of acid (5)
Scrolls
 c - 3 scrolls of fog
 d - 5 scrolls of poison
 e - 5 scrolls of fear
 j - 7 scrolls of enchant armour
 n - a scroll of vulnerability
 o - 5 scrolls of teleportation
 s - 3 scrolls of enchant weapon
 w - 6 scrolls of blinking
 G - 3 scrolls of immolation
 J - 2 scrolls of torment
 L - 3 scrolls of magic mapping
Potions
 f - 3 potions of haste
 h - 8 potions of curing
 r - a potion of brilliance
 t - a potion of resistance
 u - 3 potions of invisibility
 z - a potion of cancellation
 A - 2 potions of attraction
 C - 4 potions of heal wounds
 D - a potion of lignification
 H - 2 potions of mutation
 N - 4 potions of might
 Q - a potion of berserk rage
 R - a potion of flight
 V - a potion of ambrosia
Miscellaneous
 I - a condenser vane
 M - a lightning rod (4/4)
 O - a phial of floods


   Skills:
 + Level 11.7 Fighting
 + Level 10.3 Axes
 + Level 8.8 Ranged Weapons
 - Level 5.1 Throwing
 + Level 10.5 Armour
 + Level 10.6 Dodging
 - Level 4.5 Stealth
 + Level 11.3 Evocations


You had 14 spell levels left.
You didn't know any spells.
Your spell library contained the following spells:

 Spells                   Type           Power      Damage    Failure   Level
 Foxfire                  Conj/Fire      0%         2x1d4     83%         1
 Kiss of Death            Conj/Necr      0%         2d5       83%         1
 Sandblast                Erth           0%         2d4       83%         1
 Ensorcelled Hibernation  Hex/Ice        0%         N/A       92%         2
 Passwall                 Tmut/Erth      0%         N/A       92%         2
 Confusing Touch          Hex            0%         N/A       99%         3
 Frozen Ramparts          Ice            0%         1d1       99%         3
 Gell's Gravitas          Tloc           0%         N/A       99%         3
 Hailstorm                Conj/Ice       0%         3d3       99%         3
 Lesser Beckoning         Tloc           0%         N/A       99%         3
 Ozocubu's Armour         Ice            0%         N/A       99%         3
 Stone Arrow              Conj/Erth      0%         3d7       99%         3
 Teleport Other           Tloc           0%         N/A       99%         3
 Cause Fear               Hex            0%         N/A       100%        4
 Dispel Undead            Necr           0%         3d6       100%        4
 Ice Form                 Ice/Tmut       0%         N/A       100%        4
 Summon Ice Beast         Ice/Summ       0%         N/A       100%        4
 Fireball                 Conj/Fire      0%         3d3       100%        5
 Freezing Cloud           Conj/Ice/Air   0%         6-21      100%        5
 Summon Forest            Summ/Tloc      0%         N/A       100%        5
 Summon Mana Viper        Hex/Summ       0%         N/A       100%        5
 Yara's Violent Unravell  Hex/Tmut       0%         3d3       100%        5
 Starburst                Conj/Fire      0%         6d3       100%        6
 Summon Cactus Giant      Summ           0%         N/A       100%        6
 Monstrous Menagerie      Summ           0%         N/A       100%        7
 Ozocubu's Refrigeration  Ice            0%         4d7       100%        7
 Simulacrum               Ice/Necr       Unusable   N/A       N/A         6

Dungeon Overview and Level Annotations

Branches:
Dungeon (11/15)            Temple (1/1) D:7            Lair (5/5) D:11
  Swamp (0/4) Lair:2       Spider (0/4) Lair:2        Slime (0/5) Lair:4
    Orc (2/2) D:10            Elf (0/3) Orc:2        Bailey (visited)

Altars:
Ashenzari
Cheibriados
Fedhas
Gozag
Hepliaklqana
Kikubaaqudgha
Makhleb
Nemelex Xobeh
Qazlal
Ru
Sif Muna
Trog
Uskayaw
Wu Jian
Xom
Yredelemnul
Jiyva

Shops:
D:4 ((   D:5 !   D:8 (   Orc:2 (!?[[*!![

Annotations:
D:8 4 transporters
Lair:2 3 runed translucent doors, Bravis's ghost, journeyman GnWn
Lair:4 3 runed translucent doors, Hihis's ghost, journeyman MfBe


Innate Abilities, Weirdness & Mutations

You are mostly covered in icy blue scales. (AC +3)
You sometimes gain a little power by taking damage.
A meltable shield of frost defends you. (SH +4)
You have a sharp stinger which inflicts weakening toxins.


Message History

You are too injured to fight recklessly!
You slice the orc warlord!! You freeze the orc warlord!
The orc warlord is moderately wounded.
The orc warrior is no longer distracted by gold.
The orc is no longer distracted by gold.
The orc warlord hits you with a +0 bardiche!
The orc warrior is distracted by your dazzling golden aura.
Unknown command.
The orc warrior shouts!
You slice the orc warlord!! You freeze the orc warlord.
The orc warlord is heavily wounded.
The orc warrior is no longer distracted by gold.
The orc warlord is distracted by your dazzling golden aura.
The orc is distracted by your dazzling golden aura.
The orc warrior hits you from afar with a +0 halberd!!
* * * LOW HITPOINT WARNING * * *
The orc shouts!
You hit the orc warlord but do no damage.
The orc warlord is no longer distracted by gold.
You tail-slap the orc warlord, but do no damage.
The orc warlord is heavily wounded.
The orc is no longer distracted by gold.
The orc warlord hits you but does no damage.
You block the orc warrior's attack.
The orc is distracted by your dazzling golden aura.
The orc shouts!
You slice the orc warlord!! You freeze the orc warlord.
The orc warlord is severely wounded.
The orc warlord hits you with a +0 bardiche!
* * * LOW HITPOINT WARNING * * *
The orc warrior misses you. You block the orc warlord's attack.
The orc warrior misses you.
You barely miss the orc warlord.
The orc warlord is severely wounded.
The orc is no longer distracted by gold. x2
The orc warlord hits you with a +0 bardiche.
* * * LOW HITPOINT WARNING * * *
The orc warrior hits you from afar with a +0 halberd!!
You die...
Your body crumbles into a pile of gold.

.#. ..#
....##... #
...#...#$ #.
.......# ##.
......
....####...####
....$.#.......#.
#...oo>$$......
#.....@........
##....$$o#.....
#....o...#.#..
#....#.....#
......#.#...#
.....####....#
#...# ..#.# #...
.....


You could see an orc warlord, an orc warrior (strong) and 2 orcs.

Vanquished Creatures
  Gastronok (Lair:3)
  The ghost of KennySheep the Carver, a journeyman BaIE of Makhleb (Orc:2)
  Snorg (Lair:3)
  Josephine (Orc:2)
  2 hydras
  Erica (D:10)
  A centaur warrior (D:9)
  3 two-headed ogres
  3 boulder beetles (D:9)
  4 orc high priests (Orc:2)
  A soul eater (D:9)
  Amaemon (D:8)
  A skeletal warrior (D:10)
  A fire crab (Lair:5)
  A bog body (Lair:4)
  A deep elf archer (D:9)
  A deep elf pyromancer (D:9)
  5 ugly things
  4 orc knights
  2 orc sorcerers
  A wolf spider (Lair:5)
  2 oklob plants (Lair:3)
  2 manticores
  2 cyclopes
  6 elephants (Lair:5)
  An ice statue (Lair:4)
  3 black mambas
  Maurice (D:10)
  A torpor snail (Lair:3)
  8 cane toads
  An orange demon (D:9)
  Maggie (D:9)
  A rust devil (D:9)
  A kobold demonologist (D:9)
  A yaktaur (D:9)
  9 komodo dragons
  5 rime drakes
  An unseen horror (D:11)
  An efreet (D:9)
  A freezing wraith (D:9)
  An ice devil (Lair:4)
  4 trolls
  A meliai (D:9)
  Prince Ribbit (D:9)
  12 polar bears
  A hornet (D:9)
  3 raiju (Lair:5)
  13 blink frogs
  20 dream sheep
  A snapping turtle (shapeshifter) (D:9)
  3 slime creatures (D:9)
  A dream sheep (shapeshifter) (D:9)
  A shadow (D:11)
  8 wraiths
  A dire elephant simulacrum (Lair:4)
  43 yaks
  4 water elementals (D:10)
  A vampire (D:11)
  4 wyverns
  10 vampire mosquitoes
  A basilisk (Lair:3)
  2 chaos spawn (D:9)
  2 steam dragons
  10 wargs
  A death yak simulacrum (Lair:4)
  Duvessa (D:7)
  11 water moccasins
  14 hell hounds (Lair:5)
  2 swamp drakes
  A swamp drake (shapeshifter) (D:9)
  12 black bears
  47 orc warriors
  A sky beast (D:6)
  2 ice beasts
  16 wolves
  6 ogres
  A boggart (D:9)
  4 centaurs
  4 phantoms
  2 kobold brigands
  8 bullfrogs
  Blork the orc (D:5)
  A cane toad simulacrum (Lair:4)
  A scorpion (D:7)
  2 two-headed ogre simulacra (Lair:4)
  A necrophage (D:4)
  2 wights (D:9)
  Dowan (D:7)
  14 killer bees
  2 electric eels
  7 howler monkeys
  3 quasits (D:9)
  29 orc priests
  3 jellies
  2 hounds (D:6)
  A gnoll bouda (D:9)
  7 iguanas
  30 orc wizards
  A wolf simulacrum (Lair:4)
  11 gnolls
  2 adders
  2 naga simulacra (Lair:4)
  2 shadow imps
  A white imp (D:7)
  2 ufetubi
  A worm (D:2)
  A dart slug (D:5)
  93 orcs
  4 ball pythons
  8 bats
  9 endoplasms
  4 giant cockroaches
  10 goblins
  4 hobgoblins
  3 jackals (D:4)
  3 quokkas
  6 frilled lizards
  19 kobolds
  3 rats
  A bush (D:6)
663 creatures vanquished.

Vanquished Creatures (others)
  An orc sorcerer (Orc:1)
  A centaur simulacrum (D:9)
  4 demonic plants (D:9)
  14 fungi
  36 plants
56 creatures vanquished.

Grand Total: 719 creatures vanquished

Notes
Turn   | Place    | Note
-------+----------+-------------------------------------------
     0 | D:5      | flotson the Demonspawn Delver began the quest for the Orb.
     0 | D:5      | Reached XP level 1. HP: 18/18 MP: 1/1
   104 | D:3      | Gained mutation: You have a small tail. [demonic ancestry]
   104 | D:3      | Reached XP level 2. HP: 18/24 MP: 2/2
   303 | D:1      | Reached skill level 1 in Evocations
   481 | D:1      | Reached skill level 1 in Armour
   488 | D:1      | Reached XP level 3. HP: 25/29 MP: 3/3
   953 | D:2      | Identified the +0 robe of Tartarus {rPois}
  1037 | D:2      | Identified the +8 chain mail of the Sturgeon {rC++ Stlth-}
  1453 | D:3      | Gained mutation: You have a tail ending in a sharp stinger.
                  | [demonic ancestry]
  1453 | D:3      | Reached XP level 4. HP: 26/35 MP: 4/4
  1461 | D:3      | Reached skill level 1 in Throwing
  1524 | D:3      | Found an ornate altar of the Wu Jian Council.
  1554 | D:3      | Found a snail-covered altar of Cheibriados.
  2048 | D:4      | Found Voublix's Antique Weapon Emporium.
  2310 | D:4      | Gained mutation: You sometimes gain a little power by
                  | taking damage. [demonic ancestry]
  2310 | D:4      | Reached XP level 5. HP: 38/42 MP: 5/5
  2331 | D:4      | Found a large runed translucent door.
  2332 | D:4      | Found a large runed translucent door.
  2498 | D:4      | Found Kaiza's Antique Weapon Boutique.
  2521 | D:4      | Bought a glowing broad axe for 161 gold pieces
  2660 | D:4      | Gained mutation: You have a sharp stinger which inflicts
                  | weakening toxins. [demonic ancestry]
  2660 | D:4      | Reached XP level 6. HP: 45/48 MP: 6/6
  2725 | D:5      | Reached XP level 7. HP: 54/55 MP: 7/7
  2777 | D:5      | Found Heffog's Distillery.
  2786 | D:5      | Bought a potion of curing for 33 gold pieces
  2786 | D:5      | Bought a potion of degeneration for 11 gold pieces
  2786 | D:5      | Bought a potion of heal wounds for 55 gold pieces
  2992 | D:5      | Found a stormy altar of Qazlal.
  2994 | D:5      | Noticed Blork the orc
  3013 | D:5      | Killed Blork the orc
  3521 | D:6      | Reached XP level 8. HP: 58/61 MP: 8/8
  3552 | D:6      | Reached skill level 5 in Fighting
  3656 | D:6      | Found a hide-covered altar of Uskayaw.
  4196 | D:7      | Gained mutation: You are partially covered in icy blue
                  | scales. (AC +2) [demonic ancestry]
  4196 | D:7      | Reached XP level 9. HP: 41/69 MP: 9/9
  4244 | D:7      | Found a burning altar of Makhleb.
  4260 | D:7      | Noticed an angel
  4261 | D:7      | Noticed a balrug
  4391 | D:7      | Reached skill level 5 in Dodging
  4436 | D:7      | Reached skill level 5 in Evocations
  4454 | D:7      | Noticed Duvessa
  4455 | D:7      | Found a bloodstained altar of Trog.
  4462 | D:7      | Killed Duvessa
  4472 | D:7      | Noticed Dowan
  4475 | D:7      | Killed Dowan
  4476 | D:7      | Found a shimmering blue altar of Sif Muna.
  4480 | D:7      | Got Sif Muna's Compilation of the Glacier
  4519 | D:7      | Found a staircase to the Ecumenical Temple.
  4528 | Temple   | Entered the Ecumenical Temple
  4564 | Temple   | Became a worshipper of Gozag Ym Sagoz the Greedy
  4739 | D:8      | Found a flagged portal.
  4779 | Bailey   | Entered a bailey
  5006 | Bailey   | Reached skill level 5 in Armour
  5071 | Bailey   | Identified the +10 executioner's axe of Zesu Qomo {vorpal,
                  | Str-4 Dex+4 Stlth+}
  5073 | Bailey   | Noticed an orc knight
  5138 | Bailey   | Killed an orc knight
  5139 | Bailey   | Reached skill level 5 in Axes
  5139 | Bailey   | Reached skill level 5 in Throwing
  5221 | Bailey   | Reached XP level 10. HP: 77/77 MP: 10/10
  5239 | Bailey   | Identified the +1 arbalest of Integrity {penet, rC++}
  5305 | D:8      | Found Geujuuff's Antique Weapon Shop.
  5447 | D:8      | Found a transporter.
  5450 | D:8      | Found a transporter.
  5452 | D:8      | Found a transporter.
  5581 | D:8      | Found a sparkling altar of Nemelex Xobeh.
  5584 | D:8      | Found a broken altar of Ashenzari.
  5587 | D:8      | Found a blossoming altar of Fedhas.
  5600 | D:8      | Found an ancient bone altar of Kikubaaqudgha.
  5679 | D:8      | Found a transporter.
  5808 | D:8      | Found a basalt altar of Yredelemnul.
  5867 | D:9      | Reached skill level 1 in Ranged Weapons
  5909 | D:9      | Noticed a soul eater
  5927 | D:9      | Killed a soul eater
  5959 | D:9      | Noticed a rust devil
  5959 | D:9      | Noticed an orange demon
  5959 | D:9      | Noticed Amaemon
  6038 | D:8      | Killed Amaemon
  6424 | D:9      | Noticed Maggie
  6438 | D:9      | Killed Maggie
  6604 | D:9      | Noticed Prince Ribbit
  6622 | D:9      | Killed a rust devil
  6624 | D:9      | Killed Prince Ribbit
  6692 | D:9      | Noticed a soul eater
  6694 | D:9      | Gained mutation: A meltable shield of frost defends you.
                  | (SH +4) [demonic ancestry]
  6694 | D:9      | Reached XP level 11. HP: 85/85 MP: 11/11
  6701 | D:9      | Noticed a purple ugly thing
  6701 | D:9      | Noticed a red ugly thing
  6769 | D:9      | Killed a white ugly thing
  6769 | D:9      | Killed a white ugly thing
  6820 | D:9      | Noticed a boulder beetle
  7051 | D:9      | Noticed a boulder beetle
  7061 | D:9      | Identified the +1 ring mail of Intercession {Regen+ Slay+5}
  7070 | D:9      | Killed a boulder beetle
  7096 | D:9      | Noticed a boulder beetle
  7137 | D:9      | Killed a boulder beetle
  7204 | D:9      | Noticed a sea snake
  7206 | D:9      | a sea snake changed into an elephant
  7230 | D:9      | an elephant changed into a lindwurm
  7230 | D:9      | Noticed a lindwurm (shapeshifter)
  7231 | D:9      | a lindwurm changed into a two-headed ogre
  7231 | D:9      | Noticed a two-headed ogre (shapeshifter)
  7232 | D:9      | a two-headed ogre changed into a snapping turtle
  7261 | D:9      | Killed a boulder beetle
  7344 | D:9      | Noticed a skeletal warrior
  7389 | D:9      | Noticed a centaur warrior
  7389 | D:9      | Identified the +2 leather armour "Annalokk" {rC- rCorr
                  | Str+2}
  7389 | D:9      | Identified the ring of Spring {rF+ Will+ Dex+6}
  7389 | D:9      | Noticed a deep elf archer
  7503 | D:10     | Entered Level 10 of the Dungeon
  7565 | D:10     | Killed a skeletal warrior
  7604 | D:9      | Killed a centaur warrior
  7756 | D:9      | Noticed a purple ugly thing
  7756 | D:9      | Noticed a brown ugly thing
  7761 | D:9      | Killed a brown ugly thing
  7762 | D:9      | Reached XP level 12. HP: 70/94 MP: 12/12
  7842 | D:9      | Reached skill level 5 in Ranged Weapons
  8144 | D:9      | Identified the +6 kite shield "Cuggirey" {rC+ Will+}
  8485 | D:10     | Noticed Maurice
  8494 | D:10     | Killed Maurice
  8530 | D:10     | Noticed a two-headed ogre
  8535 | D:10     | Killed a two-headed ogre
  8593 | D:10     | Noticed Erica
  8600 | D:10     | Killed Erica
  8685 | D:10     | Found a hazy altar of Hepliaklqana.
  8840 | D:10     | Found a staircase to the Orcish Mines.
  9152 | D:11     | Noticed a two-headed ogre
  9156 | D:11     | Killed a two-headed ogre
  9303 | D:4      | Bought the +8 frozen axe "Frostbite" {freezing cloud,
                  | *Noise Fly rC+} for 1765 gold pieces
  9303 | D:4      | Found the +8 frozen axe "Frostbite" {freezing cloud, *Noise
                  | Fly rC+}
  9754 | D:11     | Found a staircase to the Lair.
 10093 | Lair:1   | Entered Level 1 of the Lair of Beasts
 10105 | Lair:1   | Identified the +2 leather armour "Peliley" {rF+++ Will+
                  | MP+9 Dex-5}
 10356 | Lair:1   | Reached XP level 13. HP: 88/102 MP: 13/13
 10615 | Lair:1   | Identified the +7 quarterstaff of Valiance {vorpal, rElec
                  | rF- Str-5 Int+9}
 10751 | Lair:1   | Found a shimmering altar of Xom.
 11052 | Lair:2   | Reached skill level 10 in Fighting
 11109 | Lair:2   | You are sucked into a shaft and drop 1 floor!
 11109 | Lair:3   | Found a sparkling altar of Nemelex Xobeh.
 11162 | Lair:3   | Noticed Gastronok
 11173 | Lair:3   | Killed Gastronok
 11360 | Lair:3   | Noticed Snorg
 11368 | Lair:3   | Killed Snorg
 11750 | Lair:2   | Found a runed translucent gate.
 11751 | Lair:2   | Found a runed translucent gate.
 11755 | Lair:2   | Found a runed translucent gate.
 11757 | Lair:2   | Noticed Bravis's ghost (journeyman GnWn)
 11779 | Lair:2   | Reached skill level 10 in Evocations
 11878 | Lair:2   | Found the +10 Black Knight's barding {ponderous, rPois rN+}
 11886 | Lair:2   | Found a hole to the Spider Nest.
 11982 | Lair:2   | Found a staircase to the Swamp.
 12236 | Lair:2   | Found a viscous altar of Jiyva.
 12982 | Lair:4   | Reached XP level 14. HP: 106/111 MP: 14/14
 13036 | Lair:4   | Found a viscous altar of Jiyva.
 13036 | Lair:4   | Found a staircase to the Slime Pits.
 13044 | Lair:4   | Found a runed translucent gate.
 13044 | Lair:4   | Found a runed translucent gate.
 13044 | Lair:4   | Found a runed translucent gate.
 13586 | Lair:4   | Noticed Hihis's ghost (journeyman MfBe)
 13874 | Lair:5   | Entered Level 5 of the Lair of Beasts
 14040 | Lair:5   | Identified the +1 robe "Epehisaud" {rC+ Will+ rCorr SInv}
 14130 | Lair:5   | Reached skill level 10 in Dodging
 14459 | Lair:5   | Reached skill level 10 in Armour
 14645 | Lair:5   | Got the Papyrus of Charming Firn
 15052 | Orc:1    | Entered Level 1 of the Orcish Mines
 15415 | Orc:2    | Entered Level 2 of the Orcish Mines
 15430 | Orc:2    | Reached skill level 10 in Axes
 15689 | Orc:2    | Noticed Josephine
 15694 | Orc:2    | Killed Josephine
 15874 | Orc:2    | Found a runed translucent door.
 15874 | Orc:2    | Found Litrem's Distillery.
 15875 | Orc:2    | Noticed KennySheep's ghost (journeyman BaIE)
 15908 | Orc:2    | Found Meczifry's Distillery.
 15939 | Orc:2    | Found Bosmugh's Distillery.
 16055 | Orc:2    | Found a staircase to the Elven Halls.
 16139 | Orc:2    | Found Saugipisch's Magic Scroll Shoppe.
 16139 | Orc:2    | Found Papn's Antique Armour Emporium.
 16140 | Orc:2    | Found Sianih's General Store.
 16144 | Orc:2    | Found Cogeopt's Antique Armour Shoppe.
 16147 | Orc:2    | Bought a scroll of identify for 28 gold pieces
 16151 | Orc:2    | Bought a translucent helmet for 361 gold pieces
 16151 | Orc:2    | Identified the +2 helmet of Inaction {rElec MP+9 Str-3
                  | Int+6} (You bought it in a shop on level 2 of the Orcish
                  | Mines)
 16243 | Orc:2    | Found Waut's Weapon Emporium.
 16427 | Orc:2    | Found Cyveh's Armour Shoppe.
 16489 | Orc:2    | Killed KennySheep's ghost
 16520 | Orc:1    | Noticed an orc warlord
 16524 | Orc:1    | Gained mutation: You are mostly covered in icy blue scales.
                  | (AC +3) [demonic ancestry]
 16524 | Orc:1    | Reached XP level 15. HP: 106/120 MP: 15/15
 16544 | Orc:1    | Mangled by an orc warrior

Illustrated notes

Levels and vault maps discovered:
D:1:      ncdulo_halloftheorcs, layout_basic, minmay_tromino_i4
D:2:      layout_basic
D:3:      layout_loops_ring, mainiacjoe_overflow_chevrons,
          nicolae_wu_jian_immortal_techniques
D:4:      layout_loops_cross, jmf_multi_god_temple2, serial_shops, shop,
          nicolae_shop_trees
D:5:      layout_cave_pools, mainiacjoe_overflow_cross_hatched, serial_shops,
          nicolae_lakefront_shop, kennysheep_nub, uniq_blork_the_orc
D:6:      layout_gridville, lemuel_tele_altar, grunt_ministairs_15,
          lexackson_kobold_supper
D:7:      layout_cave_pools, grunt_temple_overflow_order_and_chaos_2,
          nzn_overflow_gifts_of_might_and_magic, temple_green
D:8:      layout_rooms, lemuel_round_altar, grunt_temple_overflow_cloverleaf,
          enter_bailey_5, serial_shops, nicolae_shop_crystal,
          serial_park_tiny_2, nicolae_diode_quadrants
D:9:      layout_irregular_city, serial_demonic, serial_demonic_c,
          serial_demonic_b, serial_demonic_a, serial_demonic_g,
          nicolae_rejected_hall, uniq_prince_ribbit1, uniq_maggie, uniq_amaemon
D:10:     layout_irregular_city, nzn_hepliaklqana_mist_gate, david_orc_4,
          amcnicky_mini_corridor_feature,
          nicolae_concentric_dashed_squares_mild, nicolae_underground_beach,
          uniq_maurice, uniq_erica
D:11:     layout_roguey, dpeg_oklobed_lair, nicolae_elyvilon_peaceful_grove
Temple:   nicolae_temple_superstar
Lair:1:   layout_roguey, basic_altar, nzn_random_ring,
          infiniplex_staircase_pool, lemuel_fruit_tree
Lair:2:   layout_hall_layers, minmay_swamp_entry_reptiles,
          spider_nest_entry_web_field, gammafunk_ghost_ooze,
          beast_lair_carwin_2, grunt_megastairs_1
Lair:3:   layout_cave_pods, lemuel_oklob_altar, infiniplex_staircase_pool_2,
          uniq_snorg, uniq_gastronok
Lair:4:   dreamdust_isle_of_ice, layout_regular_city, slime_entry_1,
          gammafunk_ghost_necromancy, pond, serial_bayou_shore_b
Lair:5:   hangedman_lair_caniforms_friends, layout_misc_corridors,
          serial_bayou_shore_a
Orc:1:    layout_diamond_mine, basic_altar
Orc:2:    st_orc_mages, layout_caves, ebering_ghost_reflecting_pool,
          basic_altar, serial_shops, shop, shop, nicolae_square_shop,
          nicolae_shop_bloodbath_and_beyond,
          nicolae_shop_competitors_out_of_business, uniq_josephine

Skill      XL: |  1  2  3  4  5  6  7  8  9 10 11 12 13 14 |
---------------+-------------------------------------------+-----
Dodging        | 2 3 4 5 6 7 8 9 10 | 10.6
Evocations     | 1 2 3 4 5 7 8 9 10 11 | 11.3
Armour         | 1 2 3 4 5 6 7 8 9 10 | 10.5
Throwing       | 1 2 3 4 5 |  5.1
Fighting       | 4 5 6 7 8 9 10 11 | 11.7
Axes           | 2 3 4 5 6 7 8 9 10 | 10.3
Ranged Weapons | 3 4 6 7 8 |  8.8
Stealth        | |  4.5

Action                   |  1- 3 |  4- 6 |  7- 9 | 10-12 | 13-15 || total
-------------------------+-------+-------+-------+-------+-------++-------
Melee: Hand axe          |    54 |       |       |       |       ||    54
       Tailslap          |    15 |    14 |    39 |    76 |    99 ||   243
       Punch             |     1 |       |     2 |       |       ||     3
       Short sword       |    56 |    57 |       |       |       ||   113
       Broad axe         |       |    25 |   253 |       |       ||   278
       Executioner's axe |       |       |    12 |   373 |   527 ||   912
 Fire: Arbalest          |       |       |    19 |   130 |    59 ||   208
Throw: Boomerang         |     1 |       |     1 |       |       ||     2
       Dart              |       |       |     2 |       |       ||     2
Evoke: Wand              |       |       |     1 |       |       ||     1
       Lightning rod     |       |       |       |     2 |     4 ||     6
       Phial of floods   |       |       |       |       |     1 ||     1
       Condenser vane    |       |       |       |       |     1 ||     1
  Use: Scroll            |       |       |     1 |    10 |    12 ||    23
 Stab: Sleeping          |     5 |       |       |       |       ||     5
       Paralysed         |       |       |       |     1 |       ||     1
       Distracted        |       |       |       |     5 |    14 ||    19
Armor: Leather armour    |    36 |       |       |       |       ||    36
       Chain mail        |     8 |    65 |   206 |   415 |   355 ||  1049
Dodge: Dodged            |    80 |    44 |   183 |   373 |   483 ||  1163
Block: Other             |       |       |       |    79 |   110 ||   189
       Reflection        |       |       |       |     4 |       ||     4

Table legend: (Time is in decaauts)
 A = Elapsed time spent in this place.
 B = Non-inter-level travel time spent in this place.
 C = Inter-level travel time spent in this place.
 D = Time resting spent in this place.
 E = Time spent auto-exploring this place.
 F = Levels seen in this place.
 G = Mean time per level.
                   A        B        C        D        E       F      G
               +--------+--------+--------+--------+--------+-----+--------+
         Total |  17319 |  16308 |   1011 |    357 |  11698 |  20 |  866.0 |
       Dungeon |  10065 |   9388 |    677 |    292 |   6550 |  11 |  915.0 |
        Temple |     64 |     36 |     28 |      0 |     25 |   1 |   64.0 |
          Lair |   5083 |   4811 |    272 |      0 |   3796 |   5 | 1016.6 |
  Orcish Mines |   1599 |   1566 |     33 |     61 |   1036 |   2 |  799.5 |
        Bailey |    506 |    506 |      0 |      4 |    291 |   1 |  506.0 |
               +--------+--------+--------+--------+--------+-----+--------+

Top non-repeatable levels by time:
     D:9: 2265 daAuts
  Lair:3: 1129 daAuts
  Lair:4: 1115 daAuts
    D:10: 1097 daAuts
  Lair:5: 1085 daAuts
   Orc:2: 1045 daAuts
  Lair:1: 1005 daAuts
     D:8: 986 daAuts
     D:6: 919 daAuts
    D:11: 825 daAuts
     D:4: 758 daAuts
  Lair:2: 747 daAuts
     D:1: 707 daAuts
     D:3: 669 daAuts
     D:7: 638 daAuts
